 Dungeon Crawl Stone Soup version 0.28-a0-620-g539b0f7ac7 (webtiles) character file.

Game seed: 12135406439308853176

25 siradein the Ruffian (level 2, -5/27 HPs)
             Began as a Troll Transmuter on Oct 6, 2021.
             Killed from afar by Natasha (8 damage)
             ... with a magic dart
             ... on level 2 of the Dungeon.
             The game lasted 00:01:15 (544 turns).

siradein the Ruffian (Troll Transmuter)              Turns: 544, Time: 00:01:17

Health: -5/27      AC:  5    Str: 17    XL:     2   Next: 82%
Magic:  3/3        EV: 10    Int:  9    God:
Gold:   47         SH:  0    Dex: 10    Spells: 0/3 levels left

rFire   . . .      SeeInvis .     - Unarmed
rCold   . . .      Faith    .   (no shield)
rNeg    . . .      Spirit   .   a - +0 robe
rPois   .          Reflect  .   (helmet restricted)
rElec   .          Harm     .   c - +0 cloak
rCorr   .          Rampage  .   (gloves unavailable)
Will    .....                   (boots unavailable)
Stlth   +.........              (no amulet)
HPRegen 1.09/turn               (no ring)
MPRegen 0.08/turn               (no ring)

@: no status effects
A: large, unfitting armour, claws 3, regeneration 1, shaggy fur 1, tough skin 1
a: no special abilities


You were on level 2 of the Dungeon.
You visited 1 branch of the dungeon, and saw 2 of its levels.

You collected 47 gold pieces.

Inventory:

Armour
 a - a +0 robe (worn)
 c - a +0 cloak (worn)
Scrolls
 b - a scroll of fear {unknown}
 d - a scroll of fog {unknown}
 e - a scroll of amnesia {unknown}
 g - a scroll of identify {unknown}
 i - a scroll of magic mapping {unknown}
Potions
 f - a potion of brilliance {unknown}
 h - a potion of berserk rage {unknown}


   Skills:
 + Level 1.1 Fighting
 + Level 1.9 Dodging
 + Level 3.2 Unarmed Combat
 + Level 1.4 Spellcasting
 + Level 1.6 Transmutations


You couldn't memorise any spells.
You knew the following spells:

 Your Spells              Type           Power      Damage    Failure   Level
a - Beastly Appendage     Tmut           6%         N/A       19%         1
b - Wereblood             Tmut           3%         N/A       26%         2

Your spell library contained the following spells:

 Spells                   Type           Power      Damage    Failure   Level
 Spider Form              Tmut/Pois      1%         N/A       58%         3
 Ice Form                 Ice/Tmut       2%         N/A       94%         4


Dungeon Overview and Level Annotations

Branches:
Dungeon (2/15)

Altars:

Annotations:
D:2 Natasha, Terence


Innate Abilities, Weirdness & Mutations

You are too large for most types of armour.
You have claws for hands.
Your natural rate of healing is unusually fast.
You are covered in fur. (AC +1)
You have tough skin. (AC +1)


Message History

Found a rapier.
Terence and Natasha come into view.
Terence shouts!
Natasha hisses angrily.
Terence screams, "I'm going to kill you!"
There are monsters nearby!
There are monsters nearby!
There are monsters nearby!
You barely miss Terence. You scratch Terence but do no damage.
Natasha casts a spell.
Terence closely misses you.
You claw Terence!
Terence is moderately wounded.
Terence hits you with a +0 flail.
You scratch Terence but do no damage.
Terence is moderately wounded.
Terence says, "Time to say good-bye..."
Terence misses you.
You scratch Terence but do no damage.
Terence is moderately wounded.
Terence barely misses you. Natasha barely misses you.
You scratch Terence but do no damage.
Terence is moderately wounded.
Terence hits you with a +0 flail. Natasha claws you.
You scratch Terence but do no damage.
Terence is moderately wounded.
Terence closely misses you.
Natasha wildly gestures.
Natasha's front paws start to glow.
Natasha barely misses you.
You scratch Terence.
Terence is heavily wounded.
Terence hits you with a +0 flail! Natasha claws you but does no damage.
You scratch Terence.
Terence is severely wounded.
The shadow imp hits you. Terence hits you with a +0 flail!
* * * LOW HITPOINT WARNING * * *
Natasha casts a spell at you. The magic dart hits you!
You die...

#.#..#.#...#
#:.......#.#
#####.#<#...#
.........#
######...#
#...# #...#
#...# #@..#
#.....@h5......
.....$.........
#...........)..
#######...#####
#...# #...#
#...#


You could see Terence, Natasha and a shadow imp (summoned).

Vanquished Creatures
  A dart slug (D:1)
  A bat (D:1)
  3 endoplasms (D:1)
  2 hobgoblins (D:1)
  2 quokkas (D:1)
  5 frilled lizards (D:1)
  A goblin (D:1)
  4 kobolds (D:1)
  5 rats (D:1)
24 creatures vanquished.

Notes
Turn   | Place    | Note
-------+----------+-------------------------------------------
     0 | D:1      | siradein the Troll Transmuter began the quest for the Orb.
     0 | D:1      | Reached XP level 1. HP: 18/18 MP: 1/1
   158 | D:1      | Reached skill level 1 in Fighting
   255 | D:1      | Reached XP level 2. HP: 25/27 MP: 3/3
   258 | D:1      | Learned a level 2 spell: Wereblood
   288 | D:1      | Found a faded altar of an unknown god.
   535 | D:2      | Noticed Terence
   535 | D:2      | Noticed Natasha
   544 | D:2      | Killed from afar by Natasha

Illustrated notes

Levels and vault maps discovered:
D:1:      mrwooster_arrival_statue_2, layout_loops_cross,
          shapermc_ecumenical_altar_acropolis, corexii_leaking_fountain
D:2:      layout_loops_cross, basic_altar, st_stairs_2,
          chequers_serial_rivers_small_3, uniq_terence, uniq_natasha

Skill      XL: |  1 |
---------------+----+-----
Fighting       | 1 |  1.1
Dodging        | |  1.9
Unarmed Combat | |  3.2
Spellcasting   | |  1.4
Transmutations | |  1.6

Action                   || total
-------------------------++-------
Melee: Unarmed           ||    51
Armor: Robe              ||    14
Dodge: Dodged            ||    20

Table legend: (Time is in decaauts)
 A = Elapsed time spent in this place.
 B = Non-inter-level travel time spent in this place.
 C = Inter-level travel time spent in this place.
 D = Time resting spent in this place.
 E = Time spent auto-exploring this place.
 F = Levels seen in this place.
 G = Mean time per level.
                   A        B        C        D        E       F      G
               +--------+--------+--------+--------+--------+-----+--------+
         Total |    541 |    525 |     16 |      0 |    388 |   2 |  270.5 |
       Dungeon |    541 |    525 |     16 |      0 |    388 |   2 |  270.5 |
               +--------+--------+--------+--------+--------+-----+--------+

Top non-repeatable levels by time:
     D:1: 525 daAuts
     D:2: 15 daAuts
